 Dungeon Crawl Stone Soup version 0.29.1-15-g9cfb28693d (webtiles) character file.

Game seed: 12621081299666320983

4594 leetdood the Cleaver (level 10, -3/90 HPs)
             Began as a Minotaur Fighter on Mar 11, 2023.
             Was a Priest of Okawaru.
             Killed from afar by an electric eel (5 damage)
             ... with a bolt of electricity
             ... on level 8 of the Dungeon.
             The game lasted 00:39:04 (6022 turns).

leetdood the Cleaver (Minotaur Fighter)             Turns: 6022, Time: 00:39:04

Health: -3/90      AC: 16    Str: 24    XL:     10   Next: 19%
Magic:  9/11       EV: 10    Int:  5    God:    Okawaru [***...]
Gold:   336        SH:  8    Dex: 11    Spells: 9/9 levels left

rFire   . . .      SeeInvis .   a - +1 war axe
rCold   . . .      Faith    .   c - +1 buckler
rNeg    . . .      Spirit   .   w - +0 chain mail
rPois   +          Reflect  .   (helmet restricted)
rElec   .          Harm     .   (no cloak)
rCorr   .          Rampage  .   (no gloves)
Will    .....                   (no boots)
Stlth   ..........              f - amulet of regeneration
HPRegen 1.05/turn               y - +4 ring of protection
MPRegen 0.12/turn               x - ring of poison resistance

@: heroic
A: horns 2, retaliatory headbutt
a: Renounce Religion, Heroism


You were on level 8 of the Dungeon.
You worshipped Okawaru.
Okawaru was most pleased with you.
You visited 1 branch of the dungeon, and saw 8 of its levels.

You collected 336 gold pieces.

Inventory:

Hand Weapons
 a - a +1 war axe (weapon)
 p - a +2 hand axe of distortion
Armour
 c - a +1 buckler (worn)
 w - a +0 chain mail (worn)
Jewellery
 f - an amulet of regeneration (around neck)
 l - a ring of resist corrosion
 x - a ring of poison resistance (right hand)
 y - a +4 ring of protection (left hand)
 z - an amulet of the acrobat
Wands
 t - a wand of digging (7)
Scrolls
 b - a scroll of summoning {unknown}
 g - a scroll of vulnerability {unknown}
 h - 2 scrolls of enchant weapon
 i - a scroll of acquirement {unknown}
 j - a scroll of enchant armour
 m - 3 scrolls of fear
 r - a scroll of blinking {unknown}
 s - 3 scrolls of teleportation
 A - 2 scrolls of fog {unknown}
 B - 2 scrolls of noise
Potions
 d - 2 potions of might
 e - 3 potions of flight {unknown}
 k - 2 potions of magic
 n - 4 potions of curing
 o - 3 potions of attraction {unknown}
 q - a potion of heal wounds {unknown}
 u - 4 potions of brilliance {unknown}
 v - 4 potions of lignification {unknown}


   Skills:
 + Level 8.6(13.6) Fighting
 * Level 11.2(16.2) Axes
 + Level 8.7(13.7) Armour
 + Level 8.6(13.6) Shields
 + Level 3.3 Invocations


You had 9 spell levels left.
You didn't know any spells.
Your spell library contained the following spells:

 Spells                   Type           Power      Damage    Failure   Level
 Magic Dart               Conj           0%         1d3       95%         1
 Necrotise                Necr           0%         1d4       95%         1
 Searing Ray              Conj           0%         2d4       99%         2
 Vampiric Draining        Necr           0%         2d6       100%        3
 Corpse Rot               Necr/Pois/Air  0%         N/A       100%        4
 Dispel Undead            Necr           0%         3d6       100%        4
 Fulminant Prism          Conj/Hex       0%         3d6       100%        4
 Agony                    Necr           0%         N/A       100%        5
 Death Channel            Necr           Unusable   N/A       N/A         6

Dungeon Overview and Level Annotations

Branches:
Dungeon (8/15)               Lair (0/5) D:8
 Temple: D:4-7

Altars:
Fedhas
Hepliaklqana
Okawaru
Ru
Sif Muna
Uskayaw
Xom
Yredelemnul
Zin
The Shining One


Innate Abilities, Weirdness & Mutations

You have a pair of horns on your head.
You reflexively headbutt those who attack you in melee.


Message History

The bolt of electricity hits you.
The electric eel shoots out a bolt of lightning at you!
The bolt of electricity hits you! x2
You hear a shout!
You gain the combat prowess of a mighty hero.
The electric eel shoots out a bolt of lightning at you!
The bolt of electricity hits you.
You miss the electric eel.
The electric eel is severely wounded.
An electric eel comes into view.
An orc wizard comes into view. It is wielding a +0 dagger.
The electric eel shoots out a bolt of lightning at you!
The bolt of electricity hits you!
* * * LOW HITPOINT WARNING * * *
The bolt of electricity hits you.
* * * LOW HITPOINT WARNING * * *
You hit the electric eel.
The electric eel is almost dead.
The electric eel shoots out a bolt of lightning at you!
The bolt of electricity hits you.
* * * LOW HITPOINT WARNING * * *
The electric eel shoots out a bolt of lightning at you!
The bolt of electricity hits you but does no damage.
You open the door.
An orc comes into view. It is wielding a +0 club.
The electric eel shoots out a bolt of lightning at you!
The bolt of electricity hits you!
* * * LOW HITPOINT WARNING * * *
An orc wizard comes into view. It is wielding a +0 dagger.
The orc shouts!
The electric eel shoots out a bolt of lightning at you!
The bolt of electricity hits you!
* * * LOW HITPOINT WARNING * * *
There is an open door here.
Okay, then.
An orc comes into view. It is wielding a +0 short sword.
The orc shouts!
You hear a shout! x3
The electric eel shoots out a bolt of lightning at you!
The bolt of electricity hits you.
You die...

#.....~~~~~.~≈~~...
#.....~≈≈≈~.~≈≈..~.
#......~≈≈~.~~.~~..
##+####......≈~≈....≈~~..
........#+..~~≈.~.~~≈≈≈~.
........+...~~≈....
..o.....#...~~≈....
........#'..~~.~.>.
...##+#[@...~~~.... ...
#....~S~S.~.~ ..
#......~≈≈≈≈~
#......~≈~≈≈≈
.......~~~o.~≈
.......≈...o~≈~
..........S.o..
............


You could see 3 electric eels, an orc wizard and 2 orcs.

Vanquished Creatures
  A troll (D:8)
  3 yaks (D:8)
  Grum (D:8)
  3 steam dragons
  A water moccasin (D:7)
  Duvessa (D:5)
  2 orc warriors
  An ice beast (D:4)
  2 sky beasts (D:6)
  3 black bears
  4 wolves (D:8)
  An ogre (D:6)
  4 centaurs
  2 phantoms (D:5)
  A kobold brigand (D:5)
  A necrophage (D:6)
  Dowan (D:5)
  6 killer bees (D:8)
  4 howler monkeys
  3 electric eels (D:8)
  8 hounds
  3 orc priests
  A gnoll bouda (D:7)
  Jessica (D:3)
  2 iguanas
  Ijyb (D:4)
  Natasha (D:4)
  3 orc wizards
  Robin (D:4)
  7 gnolls
  11 adders
  2 white imps
  An ufetubus (D:5)
  2 worms (D:2)
  4 dart slugs
  13 orcs
  5 endoplasms
  4 giant cockroaches
  16 goblins
  4 hobgoblins
  8 jackals (D:3)
  3 quokkas
  5 ball pythons
  2 bats
  2 frilled lizards
  2 goblin skeletons (D:4)
  2 goblin zombies (D:4)
  3 hobgoblin zombies (D:4)
  12 kobolds
  A kobold skeleton (D:4)
  2 kobold zombies (D:4)
  An orc zombie (D:4)
  6 rats
184 creatures vanquished.

Vanquished Creatures (others)
  An orc wizard (D:7)
  A white imp (D:7)
2 creatures vanquished.

Grand Total: 186 creatures vanquished

Notes
Turn   | Place    | Note
-------+----------+-------------------------------------------
     0 | D:1      | leetdood the Minotaur Fighter began the quest for the Orb.
     0 | D:1      | Reached XP level 1. HP: 19/19 MP: 0/0
   224 | D:1      | Reached XP level 2. HP: 27/27 MP: 1/1
   249 | D:1      | Reached skill level 3 in Axes
   455 | D:1      | Reached XP level 3. HP: 33/33 MP: 2/2
  1203 | D:2      | Reached XP level 4. HP: 40/40 MP: 3/3
  1248 | D:2      | Reached skill level 4 in Axes
  1329 | D:2      | Found a faded altar of an unknown god.
  1560 | D:3      | Noticed Jessica
  1563 | D:3      | Found a blossoming altar of Fedhas.
  1974 | D:4      | Noticed an ice beast
  2015 | D:4      | Reached XP level 5. HP: 47/47 MP: 4/4
  2043 | D:4      | Noticed Ijyb
  2054 | D:4      | Killed Ijyb
  2248 | D:4      | Found a glowing golden altar of the Shining One.
  2454 | D:4      | Found a basalt altar of Yredelemnul.
  2725 | D:4      | Found a glowing silver altar of Zin.
  2725 | D:4      | Noticed Robin
  2738 | D:4      | Killed Robin
  2739 | D:4      | Reached skill level 5 in Axes
  2756 | D:4      | Killed an ice beast
  2757 | D:4      | Reached skill level 5 in Fighting
  2757 | D:4      | Reached skill level 5 in Armour
  2757 | D:4      | Reached skill level 5 in Shields
  2757 | D:4      | Reached XP level 6. HP: 20/56 MP: 5/5
  3224 | D:4      | Noticed Natasha
  3226 | D:4      | Found a shimmering blue altar of Sif Muna.
  3258 | D:4      | Killed Natasha
  3315 | D:3      | Killed Jessica
  3641 | D:5      | Entered Level 5 of the Dungeon
  3656 | D:5      | Reached skill level 6 in Axes
  3656 | D:5      | Reached XP level 7. HP: 50/61 MP: 6/6
  3938 | D:5      | Noticed Duvessa
  3946 | D:6      | Found a shimmering altar of Xom.
  3989 | D:6      | Reached skill level 7 in Axes
  4093 | D:6      | Reached XP level 8. HP: 70/70 MP: 7/7
  4339 | D:6      | Reached skill level 8 in Axes
  4436 | D:6      | Found a hazy altar of Hepliaklqana.
  4554 | D:6      | Found a sacrificial altar of Ru.
  4617 | D:6      | Found an iron altar of Okawaru.
  4682 | D:6      | Became a worshipper of Warmaster Okawaru
  4764 | D:5      | Noticed Dowan
  4769 | D:5      | Killed Duvessa
  4773 | D:5      | Killed Dowan
  4810 | D:5      | Reached skill level 9 in Axes
  4832 | D:5      | Reached XP level 9. HP: 63/79 MP: 8/8
  5187 | D:7      | Noticed a four-headed hydra
  5206 | D:6      | Reached * piety under Okawaru
  5386 | D:7      | Reached skill level 1 in Invocations
  5527 | D:7      | Reached skill level 10 in Axes
  5565 | D:8      | Reached ** piety under Okawaru
  5660 | D:8      | Noticed Grum
  5681 | D:8      | Killed Grum
  5725 | D:8      | Reached XP level 10. HP: 89/89 MP: 11/11
  5727 | D:8      | Reached *** piety under Okawaru
  5788 | D:8      | Reached skill level 11 in Axes
  5954 | D:8      | Found a hide-covered altar of Uskayaw.
  6011 | D:8      | Found a staircase to the Lair.
  6021 | D:8      | HP: 1/90 [electric eel/bolt of electricity (10)]
  6022 | D:8      | Killed from afar by an electric eel

Illustrated notes

Levels and vault maps discovered:
D:1:      matt_arrival_refuge, layout_loops_cross
D:2:      layout_rooms, hellmonk_ecumenical_altar_blasted,
          minmay_misc_feat_columns
D:3:      layout_loops_ring, mainiacjoe_overflow_concentric_impassable,
          uniq_jessica
D:4:      layout_basic, nicolae_tso_besieged_by_evil,
          mainiacjoe_overflow_small_starburst, lemuel_tele_altar,
          general_overflow_altar, kennysheep_flooded_box, uniq_robin, uniq_ijyb,
          uniq_natasha
D:5:      layout_cave_pools, uniq_duvessa
D:6:      layout_basic, kennysheep_mini, old_standard_altar,
          hangedman_feature_mirror
D:7:      layout_rooms, minmay_temple_entry_enclosed_plants, minmay_between,
          uniq_pikel
D:8:      layout_gridville, mainiacjoe_overflow_six_doors_small,
          mainiacjoe_overflow_brackets, erik_lair_island,
          hangedman_abyss_or_decor_passed, uniq_grum

Skill      XL: |  1  2  3  4  5  6  7  8  9 10 |
---------------+-------------------------------+-----
Axes           | 3 4 5 6 7 9 10 11 | 11.2
Fighting       | 4 5 6 7 8 |  8.6
Armour         | 4 5 6 7 8 |  8.7
Shields        | 4 5 6 7 8 |  8.6
Invocations    | 2 3 |  3.3

Action                   |  1- 3 |  4- 6 |  7- 9 | 10-12 || total
-------------------------+-------+-------+-------+-------++-------
Melee: War axe           |    74 |   152 |   254 |    44 ||   524
       Headbutt          |    12 |    18 |    51 |     6 ||    87
Invok: Heroism           |       |       |     1 |     2 ||     3
  Use: Potion            |       |     1 |     1 |       ||     2
       Scroll            |       |       |     8 |       ||     8
Armor: Scale mail        |    33 |    38 |       |       ||    71
       Chain mail        |       |    46 |   206 |    22 ||   274
Dodge: Dodged            |    35 |    56 |   103 |    22 ||   216
Block: Buckler           |    13 |    32 |    93 |    12 ||   150
